 Dungeon Crawl Stone Soup version 0.32-a0-791-gfc315c9ecd (webtiles) character file.

Game seed: 4181047030409156860

1110 Xavori the Trooper (level 8, -11/58 HPs)
             Began as a Djinni Chaos Knight on Mar 20, 2024.
             Was a Plaything of Xom.
             Mangled by a chaos spawn (15 damage)
             ... summoned by Xom
             ... on level 5 of the Dungeon.
             The game lasted 00:06:44 (9539 turns).

Xavori the Trooper (Djinni Chaos Knight)            Turns: 9539, Time: 00:06:44

Health: -11/58     AC:  7    Str: 11    XL:     8   Next: 59%
Gold:   260        EV: 12    Int: 17    God:    Xom [.*....] SH:  0 Dex: 16

rFire   + + +        a - +0 falchion (chaos)
rCold   x . .        (no shield)
rNeg    . . .        b - +2 leather armour
rPois   ∞            (no helmet)
rElec   .            m - scarf {repulsion}
rCorr   .            e - +1 pair of gloves
SInv    .            (boots unavailable)
Will    .....        r - amulet of faith
Stlth   +            i - ring of protection from fire
HPRegen 0.29/turn    (no ring)
MPRegen 0.00/turn

%: repel missiles, faith, infuse magic (-12 HP)
@: weak-willed, attractive, flying
A: sickness immunity, fire resistance 2, cold vulnerability 1, float, innate
caster, HP casting, extra vitality 1, agile 1, clever 1, teleportitis 1, wild
magic 1, evolution 1, MP-powered wands
a: Renounce Religion


You were on level 5 of the Dungeon.
You worshipped Xom.
You were a plaything of Xom.
You visited 1 branch of the dungeon, and saw 5 of its levels.
You also visited: Sewer.

You collected 260 gold pieces.

Inventory:

Hand Weapons
 a - a +0 falchion of chaos (weapon)
Missiles
 x - a throwing net (quivered)
Armour
 b - a +2 leather armour (worn)
 e - a +1 pair of gloves (worn)
 m - a scarf of repulsion (worn)
Jewellery
 i - a ring of protection from fire (left hand)
 r - an amulet of faith (around neck)
Wands
 l - a wand of flame (17)
 o - a wand of digging (8)
 u - a wand of polymorph (12)
 v - a wand of paralysis (7)
Scrolls
 c - a scroll of butterflies
 d - a scroll of immolation {unknown}
 f - a scroll of enchant weapon {unknown}
 g - a scroll of poison {unknown}
 h - a scroll of brand weapon {unknown}
 j - a scroll of amnesia
 k - 2 scrolls of identify {unknown}
 p - a scroll of fog
 s - a scroll of enchant armour
 w - 2 scrolls of revelation {unknown}
Potions
 q - a potion of mutation


   Skills:
 + Level 4.8 Fighting
 + Level 4.3 Long Blades
 + Level 3.7 Armour
 + Level 4.6 Dodging
 * Level 4.1 Spellcasting
 * Level 4.1 Conjurations
 * Level 4.1 Hexes
   Level 0.0 Charms
 * Level 4.1 Summonings
 * Level 4.1 Necromancy
 * Level 4.1 Translocations
   Level 0.0 Transmutations
 * Level 4.1 Fire Magic
 * Level 4.1 Ice Magic
 * Level 4.1 Air Magic
 * Level 4.1 Earth Magic
 * Level 4.1 Alchemy
 * Level 1.1 Evocations


You knew the following spells:

 Your Spells              Type           Power      Damage    Failure   Level
a - Kiss of Death         Conj/Necr      88%        2d12      6%          1
b - Searing Ray           Conj           44%        2d6       9%          2
c - Tukima's Dance        Hex            22%        N/A       16%         3
Your spell library was empty.

Dungeon Overview and Level Annotations

Branches:
Dungeon (5/15)              Sewer (visited)
 Temple: D:4-7

Altars:
Ashenzari
Dithmenos
Xom
Zin

Shops:
D:1 (


Innate Abilities, Weirdness & Mutations

You are immune to sickness and miasma.
You are immune to poison.
Your flesh is very heat resistant. (rF++)
You are vulnerable to cold. (rC-)
You float through the air rather than walking.
You learn spells naturally, not from books.
Your magical power is your life essence.
You have superior vitality. (+4 MHP)
You are agile. (Dex +4, Str/Int -1)
Your mind is acute. (Int +4, Str/Dex -1)
You are occasionally teleported next to monsters.
Your spells are a little harder to cast, but a little more powerful.
You have hidden genetic potential.
You expend health (3 HP) to strengthen your wands.


Message History

You feel a terrible chill!
* * * LOW HITPOINT WARNING * * *
The crimson imp misses you.
The helpless iron imp fails to defend itself.
You hit the iron imp but do no damage.
The iron imp appears confused.
The iron imp is severely wounded.
Your hound zombie bites the iron imp.
The crimson imp blinks!
The crimson imp misses you. The chaos spawn closely misses you.
Unknown command.
The helpless iron imp fails to defend itself.
You hit the iron imp.
You kill the iron imp!
The iron imp disappears in a puff of smoke!
The crimson imp blinks!
The chaos spawn tentacle-slaps you!
* * * LOW HITPOINT WARNING * * *
Your willpower is stripped away!
The crimson imp is attracted toward you.
You swap places.
The chaos spawn stings your hound zombie!!
Your hound zombie is engulfed in flames!
Your hound zombie is destroyed!
Okay, then.
You feel better.
The crimson imp shouts, "Away with thee, thou peaked beef-witted pigeon-egg!"
The chaos spawn is attracted toward you.
The crimson imp is attracted toward you.
Something is attracted toward you.
The chaos spawn attacks as it pursues you!
The chaos spawn closely misses you.
Aiming: Paralyse
Press: ? - help, Shift-Dir - straight line, f - chaos spawn
Aim: a chaos spawn (summoned, chance to affect: 23%)
You feel a surge of power!
The chaos spawn resists with almost no effort.
* * * LOW HITPOINT WARNING * * *
The chaos spawn kicks you.
* * * LOW HITPOINT WARNING * * *
The chaos spawn freezes you!
You feel a terrible chill!
You die...
Xom laughs nastily!

.........##.
.........##.
.........##.
###########. ####
#5 '..# #§ ##.#
#.###### ##.#
#5.554.# ##.#
######@# ##.# #.#
#.# #.#
#.#############.#
#...............#
#################


You could see a chaos spawn (summoned) and 2 crimson imps.

Vanquished Creatures
  A black bear (D:4)
  3 ogres
  A kobold brigand (Sewer)
  Blork the orc (D:4)
  A brain worm (Sewer)
  A bullfrog (D:4)
  A hound (D:5)
  A bombardier beetle (D:5)
  An orc priest (D:5)
  A gnoll bouda (D:5)
  4 gnolls (D:5)
  A river rat (D:4)
  12 adders
  2 ribbon worms
  7 dart slugs
  6 orcs
  3 bats
  5 endoplasms
  3 giant cockroaches
  7 hobgoblins
  5 jackals
  2 quokkas
  5 ball pythons
  8 frilled lizards
  4 goblins
  12 kobolds
  10 rats
108 creatures vanquished.

Vanquished Creatures (collateral kills)
  Pargi (Sewer)
  A howler monkey (D:5)
2 creatures vanquished.

Vanquished Creatures (others)
  A human (D:4)
  A hound zombie (D:5)
2 creatures vanquished.

Grand Total: 112 creatures vanquished

Notes
Turn   | Place    | Note
-------+----------+-------------------------------------------
     0 | D:1      | Xavori the Djinni Chaos Knight began the quest for the Orb.
     0 | D:1      | Reached XP level 1. HP: 20/20 MP: 0/0
    62 | D:1      | XOM: divination: magic mapping
    65 | D:1      | Reached XP level 2. HP: 24/25 MP: 0/0
    91 | D:1      | Found Duaryrah's Antique Weapon Boutique.
   190 | D:1      | Reached XP level 3. HP: 28/30 MP: 0/0
   190 | D:1      | Learned a level 1 spell: Kiss of Death
   251 | D:1      | Reached skill level 1 in Spellcasting
   251 | D:1      | Reached skill level 1 in Conjurations
   251 | D:1      | Reached skill level 1 in Hexes
   251 | D:1      | Reached skill level 1 in Summonings
   251 | D:1      | Reached skill level 1 in Necromancy
   251 | D:1      | Reached skill level 1 in Translocations
   251 | D:1      | Reached skill level 1 in Fire Magic
   251 | D:1      | Reached skill level 1 in Ice Magic
   251 | D:1      | Reached skill level 1 in Air Magic
   251 | D:1      | Reached skill level 1 in Earth Magic
   251 | D:1      | Reached skill level 1 in Alchemy
   659 | D:1      | XOM: divination: detect items
  3102 | D:1      | XOM: 1-stop teleportation journey
  3755 | D:1      | XOM: divination: detect items
  4021 | D:1      | XOM is BORED!
  4021 | D:1      | XOM: give mutations
  4021 | D:1      | Gained mutation: You have a pair of small horns on your
                  | head. [Xom's mischief]
  4021 | D:1      | Gained mutation: You are covered in fur. (AC +1) [Xom's
                  | mischief]
  4220 | D:1      | XOM: give mutations
  4220 | D:1      | Gained mutation: You expend health (3 HP) to strengthen
                  | your wands. [Xom's grace]
  4220 | D:1      | Gained mutation: Your muscles are strong. (Str +4, Int/Dex
                  | -1) [Xom's grace]
  4220 | D:1      | Gained mutation: You have supernaturally acute eyesight.
                  | (SInv) [Xom's grace]
  4220 | D:1      | Gained mutation: You are partially covered in iridescent
                  | scales. (AC +2) [Xom's grace]
  4554 | D:1      | XOM: give mutations
  4554 | D:1      | Lost mutation: You are covered in fur. (AC +1) [Xom's
                  | mischief]
  4554 | D:1      | Gained mutation: You have very sharp teeth. [Xom's
                  | mischief]
  4963 | D:2      | XOM: smoke on damage
  5059 | D:2      | Reached XP level 4. HP: 35/35 MP: 0/0
  5144 | D:2      | XOM: noise
  5193 | D:2      | Found a faded altar of an unknown god.
  5199 | D:2      | XOM: noise
  5216 | D:2      | Found a shadowy altar of Dithmenos.
  5288 | D:2      | XOM: polymorph kobold -> orc
  5318 | D:2      | XOM: silly message
  5673 | D:3      | Reached XP level 5. HP: 40/40 MP: 0/0
  5673 | D:3      | Learned a level 2 spell: Searing Ray
  5896 | D:3      | XOM: cloud trail
  6048 | D:3      | XOM: 3-stop teleportation journey
  6212 | D:3      | XOM: god gift: runed morningstar {god gift}
  6285 | D:3      | XOM: divination: magic mapping
  6445 | D:4      | Noticed a bullfrog
  6451 | D:4      | XOM: silly message
  6459 | D:4      | Killed a bullfrog
  6464 | D:4      | Noticed a black bear
  6469 | D:4      | XOM: potion effect (haste)
  6473 | D:4      | Killed a black bear
  6474 | D:4      | Reached XP level 6. HP: 43/47 MP: 0/0
  6476 | D:4      | XOM: silly message
  6511 | D:4      | Noticed an ogre
  6528 | D:4      | Killed an ogre
  6578 | D:4      | XOM: silly message
  6731 | D:4      | Reached XP level 7. HP: 46/51 MP: 0/0
  6731 | D:4      | Learned a level 3 spell: Tukima's Dance
  6749 | D:4      | Identified the +1 sling of Velecw {heavy, rF+ rC++ MP-9}
  6790 | D:4      | Found a glowing drain.
  6800 | Sewer    | Entered a sewer
  6870 | Sewer    | XOM: cast spell 'Fugue of the Fallen'
  6979 | Sewer    | Noticed Pargi
  6980 | Sewer    | XOM: enchant monster (bad)
  7000 | Sewer    | XOM: enchant monster (bad)
  7011 | Sewer    | XOM: cast spell 'Animate Armour'
  7031 | Sewer    | Killed Pargi
  7192 | D:4      | Noticed Blork the orc
  7199 | D:4      | Killed Blork the orc
  7200 | D:4      | Reached XP level 8. HP: 58/58 MP: 0/0
  7326 | D:4      | Noticed a human
  7330 | D:4      | Killed a human
  7450 | D:4      | XOM: divination: detect creatures
  7703 | D:5      | Entered Level 5 of the Dungeon
  7709 | D:5      | XOM: confusion (+ monsters)
  8000 | D:5      | XOM: give mutations
  8000 | D:5      | Gained mutation: You are agile. (Dex +4, Str/Int -1) [Xom's
                  | mischief]
  8000 | D:5      | Lost mutation: Your muscles are strong. (Str +4, Int/Dex
                  | -1) [Xom's mischief]
  8000 | D:5      | Lost mutation: You have very sharp teeth. [Xom's mischief]
  8024 | D:5      | Found a broken altar of Ashenzari.
  8087 | D:5      | Found a glowing silver altar of Zin.
  8233 | D:5      | Reached skill level 1 in Evocations
  8274 | D:5      | XOM: scenery: create altars
  8278 | D:5      | XOM: cloud trail
  8600 | D:5      | XOM: give mutations
  8600 | D:5      | Gained mutation: Your mind is acute. (Int +4, Str/Dex -1)
                  | [Xom's grace]
  8600 | D:5      | Gained mutation: Your spells are a little harder to cast,
                  | but a little more powerful. [Xom's grace]
  8600 | D:5      | Gained mutation: You have hidden genetic potential. [Xom's
                  | grace]
  8614 | D:5      | XOM: silly message
  9523 | D:5      | XOM: summons 4 hostile demons
  9525 | D:5      | Lost mutation: You have a pair of small horns on your head.
                  | [potion of mutation]
  9525 | D:5      | Lost mutation: You have supernaturally acute eyesight.
                  | (SInv) [potion of mutation]
  9525 | D:5      | Lost mutation: You are partially covered in iridescent
                  | scales. (AC +2) [potion of mutation]
  9525 | D:5      | Gained mutation: You have a pair of small horns on your
                  | head. [potion of mutation]
  9525 | D:5      | Gained mutation: You are occasionally teleported next to
                  | monsters. [potion of mutation]
  9525 | D:5      | Lost mutation: You have a pair of small horns on your head.
                  | [potion of mutation]
  9533 | D:5      | HP: 1/58 [chaos spawn[Xom] (11)]
  9539 | D:5      | Mangled by a chaos spawn

Illustrated notes

Levels and vault maps discovered:
D:1:      scummos_arrival_forest, layout_basic, serial_shops, shop,
          grunt_decor_mini_mirrors
D:2:      layout_rooms, dreamdust_ecumenical_altar_statues, basic_altar,
          grunt_decor_junction, grunt_ministairs_6,
          wander_ebering_terrifying_dragon_lair
D:3:      layout_basic
D:4:      layout_loops_ring, tgw_kikubaaqudgha, gup_sewer_entry_bubbles,
          uniq_blork_the_orc
D:5:      layout_basic, mainiacjoe_overflow_swirl

Skill      XL: |  1  2  3  4  5  6  7  8 |
---------------+-------------------------+-----
Spellcasting   | 1 2 3 4 |  4.1
Conjurations   | 1 2 3 4 |  4.1
Hexes          | 1 2 3 4 |  4.1
Summonings     | 1 2 3 4 |  4.1
Necromancy     | 1 2 3 4 |  4.1
Translocations | 1 2 3 4 |  4.1
Fire Magic     | 1 2 3 4 |  4.1
Ice Magic      | 1 2 3 4 |  4.1
Air Magic      | 1 2 3 4 |  4.1
Earth Magic    | 1 2 3 4 |  4.1
Alchemy        | 1 2 3 4 |  4.1
Long Blades    | 3 4 |  4.3
Armour         | 2 3 |  3.7
Dodging        | 3 4 |  4.6
Fighting       | 4 |  4.8
Evocations     | 1 |  1.1

Action                     |  1- 3 |  4- 6 |  7- 9 || total
---------------------------+-------+-------+-------++-------
  Melee: Falchion          |    89 |   112 |   168 ||   369
         Bite              |     2 |     7 |    20 ||    29
         Headbutt          |       |    23 |    42 ||    65
   Cast: Searing Ray       |       |     2 |     3 ||     5
  Evoke: Wand              |       |       |     2 ||     2
    Use: Scroll            |       |       |     5 ||     5
         Potion            |       |       |     4 ||     4
   Stab: Sleeping          |       |     1 |       ||     1
         Petrified         |       |     4 |     4 ||     8
         Confused          |       |     1 |     1 ||     2
         Paralysed         |       |       |     4 ||     4
         Petrifying        |       |       |     2 ||     2
 Armour: Leather armour    |    64 |    74 |   101 ||   239
  Dodge: Dodged            |    66 |    69 |   109 ||   244
         Repelled          |       |     1 |     1 ||     2

Table legend: (Time is in decaauts)
 A = Elapsed time spent in this place.
 B = Non-inter-level travel time spent in this place.
 C = Inter-level travel time spent in this place.
 D = Time resting spent in this place.
 E = Time spent auto-exploring this place.
 F = Levels seen in this place.
 G = Mean time per level.
                   A        B        C        D        E       F      G
               +--------+--------+--------+--------+--------+-----+--------+
         Total |   9567 |   9325 |    242 |   5518 |   2775 |   6 | 1594.5 |
       Dungeon |   9201 |   8959 |    242 |   5410 |   2652 |   5 | 1840.2 |
         Sewer |    365 |    365 |      0 |    108 |    123 |   1 |  365.0 |
               +--------+--------+--------+--------+--------+-----+--------+

Top non-repeatable levels by time:
     D:1: 4963 daAuts
     D:5: 1842 daAuts
     D:4: 904 daAuts
     D:3: 814 daAuts
     D:2: 676 daAuts
   Sewer: 365 daAuts
